AoeStats
← die trying

MegaRandom

503415663Analyzed
1v1 RM · 1mo ago on Aug 31, 2026· 32m 56s· 2 players
Game mode
Random Map
Map size
Tiny (2 player)
Population
200
Speed
Normal
Resources
Standard
Victory
Conquest
Starting age
Dark Age
Ending age
Imperial Age
RankedLock teamsTeams togetherTeam positionsShared explorationLock speedFull tech treeHidden civsTurbo modeCheats
Victory
Defeat
🇨🇱 Mongols · Chile
1849
+14
🇮🇳 Hindustanis · India
1807
-14
Valar
5:31 Loom
8:24 Feudal Age
11:28 Double-Bit Axe
13:58 Padded Archer Armor
13:51 Fletching
15:13 Padded Archer Armor
24:06 Castle Age
24:25 Horse Collar
24:08 Crossbowman
24:45 Bodkin Arrow
26:17 Ballistics
die trying
5:47 Loom
8:02 Feudal Age
8:08 Man-at-Arms
9:23 Loom
12:45 Fletching
14:07 Double-Bit Axe
14:27 Town Watch
17:13 Padded Archer Armor
23:36 Castle Age
21:53 Gold Mining
23:21 Horse Collar
23:37 Crossbowman
24:18 Bodkin Arrow
24:09 Crossbowman
25:55 Husbandry
29:20 Bloodlines
Connection lost

Rejoining the realm…

Still unreachable

The connection could not be restored.

Session expired

The server has moved on; the page needs a fresh start.